Map: Sanctuary III LE

Players

Serral - Winner!

  • Race: Zerg Zerg
  • League: Master
  • Spawn Location: 1:00

Vaeda (HiGhDrA)

  • Race: Protoss Protoss
  • League: Master
  • Spawn Location: 7:00

Event: HomeStory Cup XXIX

VOD

Have the link to the VOD?

Description

Time

  • Played on: July 4, 2026, 6:16 a.m.
  • Length: 8:38

All games in this series

Show
View Real Time Build Order
Export as new Build Order

Serral Zerg - Winner!

Build Orders: Hatch First 

Get SALT Encoding   

  8  0:00  Drone  
  9  0:10  Drone  
  10  0:16  Drone  
  11  0:27  Overlord  
  11  0:33  Drone  
  12  0:46  Drone x2  
  14  0:50  Drone  
  15  1:05  Drone  
  16  1:15  Hatchery  
  15  1:19  Drone  
  15  1:22  Drone  
  17  1:30  Drone  
  18  1:36  Extractor  
  17  1:43  Spawning Pool  
  17  1:45  Drone  
  17  1:49  Drone  
  18  2:00  Drone  
  19  2:09  Overlord  
  19  2:24  Drone  
  20  2:30  Queen x2  
  20  2:31  Zergling x4  
  27  2:37  Drone  
  27  2:40  Drone  
  27  2:43  Metabolic Boost  
  28  2:50  Drone x2  
  30  3:00  Drone  
  30  3:02  Overlord  
  31  3:06  Drone  
  32  3:16  Hatchery  
  31  3:21  Drone  
  31  3:24  Queen  
  34  3:29  Overlord  
  34  3:33  Drone  
  35  3:36  Drone  
  35  3:38  Drone  
  35  3:40  Overlord  
  37  3:41  Drone  
  37  3:43  Drone  
  37  3:45  Drone  
  37  3:48  Drone  
  41  3:52  Drone x2  
  42  3:57  Queen  
  44  4:04  Queen  
  44  4:06  Drone  
  44  4:08  Drone  
  48  4:15  Roach Warren  
  48  4:16  Zergling x4  
  49  4:20  Zergling x2  
  49  4:21  Drone x2  
  49  4:22  Drone  
  53  4:26  Overlord  
  53  4:29  Drone x2  
  55  4:35  Zergling x2  
  55  4:36  Drone  
  57  4:41  Spore Crawler  
  57  4:42  Drone  
  57  4:43  Drone x3  
  60  4:49  Drone x4  
  60  4:52  Overlord  
  64  4:54  Drone  
  64  4:57  Spore Crawler  
  63  5:00  Spore Crawler  
  63  5:01  Drone x3  
  63  5:06  Drone  
  66  5:09  Lair  
  65  5:14  Overlord  
  65  5:15  Drone x5  
  70  5:23  Hatchery  
  70  5:27  Zergling x2  
  70  5:28  Drone x4  
  73  5:29  Drone  
  73  5:30  Drone  
  73  5:32  Extractor  
  73  5:33  Extractor  
  73  5:34  Drone x2  
  75  5:36  Drone  
  75  5:39  Drone, Evolution Chamber  
  75  5:40  Extractor x2  
  74  5:44  Drone x2  
  74  5:48  Drone  
  74  5:49  Drone x2  
  79  5:50  Overlord  
  79  5:51  Drone x4  
  79  5:55  Overlord  
  79  5:56  Overlord  
  83  5:57  Overlord  
  83  6:02  Extractor  
  82  6:04  Overlord x3  
  82  6:08  Zerg Missile Weapons Level 1  
  82  6:09  Glial Reconstitution  
  82  6:17  Roach x3, Hydralisk Den  
  87  6:18  Overseer  
  87  6:20  Roach  
  87  6:21  Roach  
  93  6:25  Roach  
  93  6:26  Roach x2  
  93  6:30  Overlord  
  93  6:31  Roach x2  
  101  6:33  Roach  
  101  6:37  Roach  
  101  6:38  Roach x2  
  109  6:47  Muscular Augments, Roach  
  109  6:48  Roach x3  
  117  6:55  Roach x2  
  117  6:56  Roach  
  117  6:58  Roach x2, Zergling x8  
  130  7:02  Overlord  
  130  7:04  Overlord  
  130  7:06  Hydralisk  
  132  7:15  Hydralisk x5  
  129  7:21  Hydralisk x2  
  129  7:22  Zergling x2  
  140  7:29  Hydralisk x2  
  138  7:30  Zergling x4  
  138  7:36  Hydralisk x2  
  144  7:45  Hydralisk x2  
  144  7:46  Zergling x6  
  151  7:54  Overlord, Hydralisk  
  151  7:55  Zergling x4  
  151  7:58  Overlord  
  155  8:03  Hydralisk  
  155  8:04  Hydralisk  
  155  8:05  Zergling x2  
  160  8:12  Overlord x4  
Show
View Real Time Build Order
Export as new Build Order

Vaeda Protoss 

Build Orders: Oracle Opening 

Get SALT Encoding   

  8  0:00  Probe  
  9  0:12  Probe  
  10  0:24  Probe  
  11  0:31  Pylon  
  11  0:37  Probe  
  12  0:49  Probe  
  13  0:59  Gateway  
  13  1:03  Probe (Chrono Boost)  
  14  1:15  Probe (Chrono Boost)  
  14  1:17  Assimilator  
  15  1:23  Probe (Chrono Boost)  
  16  1:30  Probe  
  17  1:42  Probe  
  18  1:54  Probe  
  19  2:03  Nexus  
  19  2:12  Cybernetics Core  
  19  2:14  Probe  
  20  2:24  Pylon  
  20  2:26  Probe  
  21  2:34  Assimilator  
  21  2:42  Probe  
  22  2:46  Stalker (Chrono Boost)  
  24  2:54  Probe  
  24  2:55  Pylon  
  25  3:07  Stargate, Probe (Chrono Boost), Adept (Chrono Boost)  
  28  3:15  Probe (Chrono Boost)  
  28  3:19  Probe (Chrono Boost)  
  30  3:24  Probe (Chrono Boost)  
  30  3:25  Probe (Chrono Boost)  
  32  3:29  Probe  
  32  3:33  Probe, Warp Gate  
  34  3:37  Adept  
  37  3:41  Probe  
  37  3:45  Probe  
  38  3:53  Probe  
  42  3:55  Oracle  
  42  3:57  Pylon  
  42  4:06  Pylon  
  42  4:15  Probe x2  
  44  4:23  Twilight Council  
  44  4:27  Probe x2  
  46  4:39  Probe  
  46  4:40  Probe  
  46  4:45  Oracle  
  51  4:47  Nexus  
  51  4:52  Probe x2  
  49  5:00  Resonating Glaives (Chrono Boost)  
  49  5:04  Probe x2  
  51  5:16  Probe x2  
  51  5:17  Gateway x2  
  51  5:20  Gateway  
  51  5:22  Adept  
  51  5:28  Probe x2  
  55  5:35  Gateway  
  55  5:37  Gateway x2  
  57  5:43  Pylon  
  57  5:45  Stalker  
  57  5:49  Pylon  
  57  5:54  Probe  
  58  5:58  Gateway, Probe  
  58  6:00  Pylon  
  58  6:03  Probe  
  60  6:06  Probe  
  60  6:11  Probe  
  62  6:19  Forge  
  62  6:22  Adept x4  
  70  6:26  Pylon  
  70  6:32  Gateway  
  70  6:34  Probe x3  
  70  6:39  Adept x2  
  77  6:40  Adept  
  77  6:46  Adept x3, Protoss Ground Weapons Level 1 (Chrono Boost)  
  85  6:47  Adept  
  87  7:05  Adept x3  
  94  7:08  Probe x3  
  92  7:19  Adept x2  
  92  7:20  Adept  
  86  7:28  Probe x3  
  83  7:30  Assimilator x2  
  71  7:44  Zealot x8  
  82  8:00  Nexus  
  82  8:01  Pylon  
  81  8:08  Nexus  
  81  8:14  Pylon  
  81  8:17  Pylon  
  81  8:18  Pylon  
  81  8:19  Pylon  
  80  8:20  Pylon  
  77  8:28  Pylon  
Tags
 
Add a new tag
Caveats
  • Supply blocks, unpowered buildings, or Contaminate may cause inaccurate times.
  • Supply counts are checked every 10 seconds.